Map: Orbital Shipyard

Players

ImmortalPasT - Winner!

  • Race: Protoss Protoss
  • League: Master

Miszu

  • Race: Terran Terran
  • League: Master

VOD

Have the link to the VOD?

Description

Time

  • Played on: Feb. 6, 2016, 5:19 p.m.
  • Length: 20:24
Show
View Real Time Build Order
Export as new Build Order

ImmortalPasT Protoss - Winner!

Build Orders: 1 Gate Expand, Oracle Opening 

Get SALT Encoding   

  12  0:02  Probe (Chrono Boost)  
  13  0:12  Probe (Chrono Boost)  
  14  0:18  Pylon  
  14  0:25  Probe (Chrono Boost)  
  15  0:36  Probe (Chrono Boost)  
  15  0:38  Gateway  
  16  0:47  Assimilator, Probe (Chrono Boost)  
  17  0:57  Probe (Chrono Boost)  
  18  1:08  Probe (Chrono Boost)  
  20  1:18  Probe (Chrono Boost)  
  20  1:26  Nexus  
  20  1:32  Cybernetics Core  
  20  1:36  Probe (Chrono Boost)  
  21  1:46  Probe (Chrono Boost)  
  22  1:50  Pylon  
  22  1:57  Probe (Chrono Boost)  
  22  2:01  Assimilator  
  22  2:07  Probe (Chrono Boost)  
  23  2:10  Stalker  
  25  2:16  Warp Gate  
  25  2:18  Probe (Chrono Boost)  
  26  2:28  Probe (Chrono Boost)  
  27  2:39  Probe x2 (Chrono Boost)  
  27  2:42  Stalker  
  31  2:50  Probe x2 (Chrono Boost)  
  33  3:00  Stargate, Probe x2 (Chrono Boost)  
  35  3:08  Assimilator  
  35  3:11  Probe x2 (Chrono Boost)  
  37  3:18  Assimilator  
  37  3:19  Pylon  
  37  3:21  Probe x2 (Chrono Boost)  
  37  3:22  Pylon  
  39  3:32  Mothership Core (Chrono Boost), Probe (Chrono Boost)  
  42  3:42  Probe (Chrono Boost)  
  42  3:43  Oracle  
  46  3:50  Probe (Chrono Boost)  
  46  3:53  Probe (Chrono Boost)  
  48  3:59  Assimilator  
  48  4:01  Probe (Chrono Boost)  
  49  4:03  Probe (Chrono Boost)  
  49  4:11  Probe (Chrono Boost)  
  49  4:14  Probe (Chrono Boost)  
  50  4:22  Oracle (Chrono Boost), Probe (Chrono Boost)  
  52  4:25  Probe (Chrono Boost)  
  52  4:30  Stalker  
  52  4:33  Probe (Chrono Boost)  
  52  4:35  Probe (Chrono Boost)  
  43  4:43  Probe (Chrono Boost)  
  43  4:44  Probe  
  45  4:54  Probe  
  45  4:55  Probe  
  47  5:05  Probe  
  48  5:07  Stalker, Probe  
  49  5:15  Probe  
  49  5:19  Probe  
  49  5:21  Void Ray (Chrono Boost)  
  47  5:26  Probe  
  40  5:31  Probe  
  38  5:37  Probe  
  39  5:43  Probe  
  39  5:47  Probe  
  41  5:55  Probe  
  39  5:58  Probe  
  37  6:05  Void Ray (Chrono Boost)  
  37  6:08  Probe x2  
  37  6:10  Stalker  
  45  6:19  Probe  
  45  6:20  Probe  
  43  6:30  Probe (Chrono Boost)  
  43  6:32  Probe (Chrono Boost)  
  41  6:36  Sentry  
  41  6:39  Pylon  
  43  6:40  Pylon  
  43  6:42  Probe (Chrono Boost)  
  43  6:43  Probe (Chrono Boost)  
  45  6:47  Pylon  
  45  6:51  Probe (Chrono Boost)  
  45  6:54  Probe (Chrono Boost)  
  47  6:57  Void Ray (Chrono Boost)  
  47  7:01  Probe  
  51  7:04  Sentry  
  51  7:05  Probe  
  55  7:11  Probe  
  56  7:17  Pylon, Probe  
  56  7:22  Probe  
  57  7:28  Stalker  
  57  7:29  Gateway, Probe  
  61  7:32  Probe  
  61  7:37  Nexus  
  62  7:41  Pylon  
  62  7:43  Probe  
  63  7:47  Probe  
  64  7:55  Probe  
  64  7:57  Probe  
  66  8:07  Probe  
  66  8:08  Probe  
  68  8:16  Robotics Facility  
  68  8:17  Robotics Facility  
  68  8:21  Probe  
  68  8:22  Probe  
  68  8:26  Pylon  
  70  8:28  Sentry  
  70  8:32  Probe  
  73  8:35  Probe  
  74  8:42  Probe  
  74  8:47  Probe  
  76  8:51  Stalker  
  76  8:53  Probe  
  80  8:59  Probe  
  80  9:03  Probe  
  79  9:11  Probe  
  79  9:13  Immortal x2  
  86  9:19  Probe  
  86  9:20  Zealot x2  
  86  9:23  Probe  
  87  9:30  Probe  
  87  9:36  Twilight Council  
  87  9:38  Void Ray (Chrono Boost)  
  92  9:41  Zealot  
  92  9:44  Nexus  
  94  9:47  Pylon  
  94  9:48  Sentry  
  94  9:49  Pylon  
  94  9:51  Pylon  
  94  9:52  Immortal (Chrono Boost)  
  100  9:58  Pylon  
  100  10:06  Immortal (Chrono Boost)  
  104  10:09  Pylon  
  104  10:27  Stalker  
  104  10:28  Stalker  
  106  10:29  Observer (Chrono Boost)  
  106  10:31  Probe  
  106  10:33  Gateway  
  106  10:34  Gateway  
  108  10:40  Observer (Chrono Boost)  
  109  10:43  Pylon  
  109  10:47  Void Ray  
  113  10:51  Warp Prism (Chrono Boost)  
  115  10:58  Zealot  
  117  11:08  Charge (Chrono Boost)  
  117  11:09  Pylon  
  117  11:10  Observer  
  88  11:52  Immortal (Chrono Boost)  
  78  11:54  Immortal (Chrono Boost)  
  82  12:01  Void Ray (Chrono Boost)  
  82  12:02  Templar Archives  
  82  12:03  Gateway  
  82  12:04  Zealot x2  
  82  12:05  Gateway  
  88  12:11  Gateway  
  88  12:13  Gateway  
  88  12:16  Pylon  
  88  12:19  Zealot  
  88  12:20  Zealot  
  92  12:22  Assimilator  
  92  12:25  Immortal  
  92  12:28  Immortal, Assimilator  
  92  12:29  Gateway  
  100  12:41  Void Ray (Chrono Boost)  
  104  12:56  High Templar x4  
  112  13:00  Archon, Immortal  
  112  13:01  Archon  
  112  13:02  Immortal  
  120  13:22  Nexus  
  120  13:23  High Templar x2  
  120  13:24  Pylon  
  120  13:26  Pylon  
  124  13:32  Pylon  
  124  13:34  High Templar x2, Pylon, Warp Prism  
  124  13:36  Pylon  
  124  13:37  Archon  
  124  13:39  Archon, Immortal  
  124  13:40  Pylon  
  130  13:42  Pylon  
  130  13:45  Pylon  
  134  13:54  Zealot x3  
  140  14:06  Nexus  
  110  14:37  Zealot x5  
  110  14:38  Zealot x4  
  96  15:03  Zealot x4  
  96  15:04  Zealot x5  
  82  15:27  Immortal  
  76  15:29  High Templar, Gateway  
  76  15:30  High Templar x6, Gateway  
  76  15:31  High Templar x2  
  76  15:35  Archon x2  
  98  15:36  Archon x2  
  98  15:42  Assimilator, Probe x2  
  100  15:50  Assimilator  
  100  15:59  Forge  
  100  16:02  High Templar x2  
  100  16:03  High Templar, Zealot  
  100  16:04  Zealot x4  
  110  16:08  Archon  
  110  16:09  Archon  
  116  16:14  Zealot  
  118  16:26  Zealot x4  
  118  16:29  Zealot  
  124  16:42  Zealot  
  124  16:43  Zealot x5  
  124  16:52  Stalker  
  124  16:53  Stalker x3  
  112  17:09  Zealot  
  112  17:10  Zealot x6  
  108  17:25  High Templar x4  
  116  17:31  Archon  
  116  17:32  Archon  
  116  17:34  Zealot  
  116  17:35  Zealot x4  
  116  17:36  Zealot x2  
  128  17:56  Stalker x3  
  128  17:57  Stalker x3  
  122  18:06  Zealot x3  
  122  18:07  Zealot x2  
  115  18:16  Immortal x2  
  105  18:41  High Templar x3  
  105  18:46  High Templar, Zealot x2  
  105  18:47  Zealot x4  
  121  18:52  Archon, Immortal  
  121  18:53  Archon  
  121  19:18  Nexus  
  121  19:35  Zealot  
  121  19:36  Zealot x3  
  126  19:41  High Templar x4  
  134  19:46  Zealot x3  
  134  19:48  Archon  
  134  19:49  Archon  
  119  20:11  Zealot x3  
  119  20:12  Zealot x3  
Show
View Real Time Build Order
Export as new Build Order

Miszu Terran 

Build Orders: Hellion Opening 

Get SALT Encoding   

  12  0:00  SCV  
  13  0:12  SCV  
  14  0:17  Supply Depot  
  14  0:25  SCV  
  15  0:39  SCV  
  15  0:42  Barracks  
  16  0:49  Refinery  
  16  0:51  SCV  
  17  1:03  SCV  
  18  1:15  SCV  
  19  1:29  Orbital Command  
  19  1:33  Marine  
  19  1:39  Command Center  
  20  1:54  Supply Depot  
  20  1:57  SCV  
  20  2:00  Factory  
  21  2:09  SCV  
  21  2:10  Barracks Reactor  
  22  2:21  SCV  
  23  2:35  SCV  
  24  2:47  Factory, SCV  
  25  2:52  Orbital Command  
  25  2:53  Hellion x2  
  29  3:00  Supply Depot, SCV  
  29  3:04  Barracks Reactor  
  30  3:12  SCV  
  31  3:15  Hellion x2  
  31  3:17  SCV  
  36  3:24  SCV  
  37  3:27  Supply Depot  
  37  3:29  SCV  
  37  3:30  Factory Tech Lab  
  38  3:36  Hellion x2, SCV  
  43  3:41  SCV  
  43  3:44  Factory  
  43  3:48  SCV  
  45  3:50  Hellion  
  45  3:51  Hellion  
  45  3:53  SCV  
  50  3:57  Hellion  
  50  4:00  SCV  
  50  4:01  Hellion  
  55  4:05  SCV  
  56  4:12  SCV  
  55  4:21  Hellion x3  
  55  4:23  Hellion  
  57  4:42  SCV  
  57  4:43  Hellion x3  
  62  4:46  Supply Depot  
  62  4:48  SCV  
  62  4:50  Factory Tech Lab  
  57  4:54  Widow Mine, SCV  
  57  5:00  SCV  
  57  5:06  SCV  
  57  5:09  Hellion x2, Widow Mine x2  
  57  5:12  SCV  
  58  5:28  Hellion  
  54  5:31  Hellion  
  54  5:32  Hellion, SCV  
  55  5:38  Hellion  
  55  5:47  Hellion  
  50  5:55  SCV x2  
  50  6:00  Hellion  
  50  6:08  SCV x2  
  50  6:09  Hellion  
  50  6:10  Hellion  
  56  6:20  SCV  
  55  6:30  SCV  
  55  6:32  SCV  
  57  6:37  Hellion x2  
  57  6:38  Hellion  
  63  6:43  Engineering Bay  
  63  6:50  SCV  
  63  6:51  SCV  
  63  6:53  Supply Depot  
  63  6:54  Hellion x2  
  65  6:58  Hellion  
  65  7:01  Armory  
  67  7:02  SCV  
  67  7:03  SCV  
  69  7:15  Supply Depot, Hellion x2, SCV x2  
  74  7:18  Hellion  
  74  7:22  Supply Depot  
  77  7:27  SCV  
  78  7:36  Cyclone, SCV  
  78  7:37  Hellion x2  
  86  7:40  Supply Depot  
  86  7:43  SCV  
  87  7:44  Supply Depot  
  86  7:52  Hellion x2  
  86  7:55  SCV  
  86  7:57  Widow Mine  
  93  8:00  SCV  
  93  8:04  Missile Turret  
  93  8:07  SCV  
  93  8:09  Widow Mine  
  93  8:12  SCV  
  97  8:15  Cyclone  
  97  8:19  SCV  
  99  8:21  Missile Turret  
  99  8:24  SCV  
  94  8:36  SCV  
  94  8:37  SCV  
  89  8:55  SCV x2  
  82  9:04  Hellion x3  
  82  9:07  Command Center, SCV x2  
  86  9:15  Hellion  
  84  9:19  SCV x2  
  80  9:26  Refinery x2  
  80  9:27  Refinery  
  80  9:29  Hellion x2  
  80  9:30  Hellion  
  80  9:31  SCV x2  
  84  9:36  Supply Depot  
  84  9:37  Cyclone  
  85  9:39  Supply Depot  
  85  9:43  SCV x2  
  83  9:51  Terran Vehicle Weapons Level 1  
  83  9:53  Hellion x2  
  83  9:55  SCV x2  
  89  10:03  Factory Tech Lab  
  89  10:07  SCV x2  
  89  10:12  Cyclone  
  94  10:15  Hellion x2  
  94  10:16  Mag-Field Accelerator  
  94  10:19  SCV x2  
  100  10:31  Cyclone, SCV x2  
  100  10:33  Refinery  
  100  10:35  Missile Turret  
  105  10:37  Hellion  
  105  10:38  Orbital Command  
  105  10:40  Refinery  
  105  10:41  Missile Turret  
  107  10:43  SCV x2  
  109  10:52  Cyclone  
  109  10:56  SCV x2  
  114  10:59  Supply Depot  
  114  11:05  Cyclone  
  114  11:06  Hellion x2  
  114  11:08  SCV x2  
  123  11:14  SCV  
  124  11:20  SCV  
  122  11:27  Hellion x2  
  100  11:54  Hellion x2, Cyclone x2  
  93  11:56  SCV x2  
  93  11:57  SCV  
  98  12:01  Command Center  
  98  12:02  Factory  
  98  12:03  Factory  
  98  12:04  Terran Vehicle Weapons Level 2  
  98  12:06  Infernal Pre-Igniter  
  98  12:08  SCV x2  
  99  12:09  SCV  
  99  12:15  Hellion x2  
  105  12:23  SCV  
  105  12:24  SCV  
  105  12:25  SCV  
  108  12:30  Supply Depot x2, Cyclone x2  
  108  12:35  SCV  
  108  12:36  SCV  
  108  12:37  Hellion x2  
  120  12:42  SCV  
  121  12:47  Factory Tech Lab x2, SCV  
  121  12:48  Supply Depot, SCV  
  121  12:49  Supply Depot  
  123  12:58  Sensor Tower  
  123  12:59  Hellion  
  123  13:01  Hellion  
  123  13:02  Cyclone x2  
  133  13:08  Starport  
  133  13:10  Cyclone  
  133  13:12  Supply Depot  
  136  13:17  Thor  
  142  13:21  Hellion  
  144  13:34  Cyclone  
  144  13:39  Cyclone  
  150  13:45  Hellion x2  
  154  13:57  Thor  
  154  14:00  Thor  
  166  14:03  Planetary Fortress  
  166  14:06  Hellion x2  
  170  14:13  Medivac  
  170  14:16  Medivac  
  137  14:38  Hellion x2  
  124  14:39  Hellion  
  74  15:15  Thor x2  
  74  15:16  Hellion  
  84  15:24  Cyclone x2  
  90  15:45  Refinery  
  90  15:46  Refinery, Hellbat x2  
  94  15:52  SCV  
  94  15:54  SCV  
  94  15:56  Hellbat, Cyclone, SCV  
  102  16:02  Cyclone  
  105  16:07  SCV  
  105  16:08  SCV x2  
  108  16:16  Ghost Academy  
  108  16:19  Barracks Tech Lab  
  108  16:21  Medivac  
  110  16:36  Cyclone x2  
  110  16:37  Hellbat x3  
  89  17:15  Cyclone x2  
  88  17:16  Cyclone  
  88  17:18  Cyclone  
  88  17:19  Hellbat  
  86  17:29  Hellion  
  70  17:40  Hellion  
  72  17:47  Hellion, Cyclone  
  72  17:48  Hellion  
  78  17:54  Hellbat, Cyclone  
  67  18:18  Cyclone  
  70  18:20  Hellion  
  66  18:40  Cyclone x2  
  69  18:54  Cyclone  
  72  19:05  Cyclone  
  72  19:06  Hellion x2  
  72  19:08  Medivac  
  81  19:19  Hellion x2, SCV  
  81  19:20  SCV  
  87  19:25  SCV  
  87  19:26  SCV  
  87  19:27  Hellion  
  87  19:28  Hellion  
  95  19:31  Hellion, SCV  
  95  19:32  SCV  
  95  19:38  SCV x2  
  96  19:45  SCV  
  96  19:46  SCV  
  96  19:50  SCV x2  
  96  19:52  Hellion x4  
  108  19:53  Hellion  
Tags
 
Add a new tag
Caveats
  • Supply blocks, unpowered buildings, or Contaminate may cause inaccurate times.
  • Supply counts are checked every 10 seconds.